 Dungeon Crawl Stone Soup version 0.30-a0-743-gbfdf073431 (webtiles) character file.

Game seed: 11678219789257908541

2635 Angani the Brawler (level 10, -3/78 HPs)
             Began as a Meteoran Cinder Acolyte on Feb 5, 2023.
             Was a Priest of Ignis.
             Slain by a wyvern (7 damage)
             ... on level 8 of the Dungeon on Feb 6, 2023.
             The game lasted 00:13:17 (2699 turns).

Angani the Brawler (Meteoran Cinder Acolyte)        Turns: 2699, Time: 00:13:18

Health: -3/78      AC: 27    Str: 15    XL:     10   Next: 14%
Magic:  13/13      EV: 11    Int: 16    God:    Ignis [***...]
Gold:   255        SH:  5    Dex: 10    Spells: 9/11 levels left

rFire   + . .      SeeInvis .      - Unarmed
rCold   . . .      Faith    .    (no shield)
rNeg    . . .      Spirit   .    h - +8 chain mail of Nesow {Contam rPois rCorr Str-5}
rPois   +          Reflect  +    (no helmet)
rElec   .          Harm     .    x - +1 cloak {Will+}
rCorr   +          Rampage  .    t - +0 pair of gloves
Will    ++...                    (no boots) Stlth
                                 o - amulet of reflection
HPRegen 0.33/turn                r - +4 ring of slaying
MPRegen 0.13/turn                y - +5 ring of evasion

@: fiery-armoured, glowing
A: sense surroundings 2, otherworldly, glowing, explore regen
a: Renounce Religion, Fiery Armour, Foxfire Swarm, Rising Flame


You were on level 8 of the Dungeon.
You worshipped Ignis.
Ignis was most pleased with you.
You visited 1 branch of the dungeon, and saw 8 of its levels.

You collected 255 gold pieces.

Inventory:

Missiles
 i - a throwing net (quivered)
Armour
 h - the +8 chain mail of Nesow (worn) {Contam rPois rCorr Str-5}
   (You found it on level 4 of the Dungeon)

   Str:       It affects your strength (-5).
   rPois:     It protects you from poison.
   Contam:    It causes magical contamination when unequipped.
   rCorr:     It protects you from acid and corrosion.
 t - a +0 pair of gloves (worn)
 x - a +1 cloak of willpower (worn)
Jewellery
 e - an amulet of magic regeneration
 o - an amulet of reflection (around neck)
 r - a +4 ring of slaying (left hand)
 y - a +5 ring of evasion (right hand)
Wands
 v - a wand of iceblast (28)
Scrolls
 b - 3 scrolls of amnesia
 j - 6 scrolls of teleportation
 k - 2 scrolls of magic mapping
 m - a scroll of torment
 p - a scroll of fog
 q - 2 scrolls of enchant weapon
 u - 2 scrolls of brand weapon
 A - a scroll of enchant armour {unknown}
 B - 3 scrolls of fear
Potions
 a - a potion of brilliance
 c - a potion of might {unknown}
 d - 2 potions of mutation {unknown}
 f - a potion of resistance {unknown}
 g - a potion of heal wounds {unknown}
 l - a potion of berserk rage
 n - a potion of haste {unknown}
 s - 3 potions of curing {unknown}
 w - a potion of lignification {unknown}
 z - a potion of attraction {unknown}


   Skills:
 + Level 4.0 Fighting
 + Level 2.2 Armour
 - Level 15.0 Unarmed Combat
 - Level 1.3 Spellcasting
 - Level 3.6 Fire Magic


You had 9 spell levels left.
You knew the following spells:

 Your Spells              Type           Power      Damage    Failure   Level
a - Scorch                Fire           24%        2d6       86%         2

Your spell library contained the following spells:

 Spells                   Type           Power      Damage    Failure   Level
 Airstrike                Air            0%         2d(1-17)  100%        4
 Summon Lightning Spire   Summ/Air       1%         N/A       100%        4
 Lightning Bolt           Conj/Air       0%         1d11      100%        5


Dungeon Overview and Level Annotations

Branches:
Dungeon (8/15) Zot: 2153   Temple (0/1) D:5
   Lair: D:8-11

Altars:
Ashenzari
Kikubaaqudgha
Makhleb
Nemelex Xobeh
Trog

Shops:
D:4 =

Annotations:
D:8 Grum


Innate Abilities, Weirdness & Mutations

You passively map the area around you.
You are easily found by Zot.
You glow in the dark.
You regain HP and MP as you explore.


Message History

The wolf bites you but does no damage.
The wolf is burned by your cloak of flames.
The wolf is moderately wounded.
You block the wyvern's attack. The wolf bites you but does no damage.
Grum misses you. You block the wolf's attack. The gnoll barely misses you.
Unknown command.
You hit the wyvern.
The wyvern is moderately wounded.
You block the wolf's attack. The wyvern bites you.
* * * LOW HITPOINT WARNING * * *
The wyvern is burned by your cloak of flames.
The wyvern is moderately wounded.
Grum misses you. The wolf bites you but does no damage.
The wolf is burned by your cloak of flames.
The wolf is moderately wounded.
The wolf bites you!
* * * LOW HITPOINT WARNING * * *
The wolf is burned by your cloak of flames.
The wolf is heavily wounded.
The wyvern bites you but does no damage.
The wyvern is burned by your cloak of flames.
The wyvern is heavily wounded.
Unknown command.
The wolf attacks as you move away! The wolf barely misses you.
The wyvern bites you but does no damage.
The wyvern is burned by your cloak of flames.
The wyvern is heavily wounded.
You block the gnoll's attack.
You hear a shout!
You see here a staff of death.
The wolf attacks as you move away! The wolf misses you.
The wyvern bites you but does no damage.
The wyvern is burned by your cloak of flames.
The wyvern is heavily wounded.
The wolf barely misses you.
Grum hits you from afar with a -1 spear!
* * * LOW HITPOINT WARNING * * *
You block the wyvern's attack. The wyvern attacks as you move away!
The wyvern bites you!
You die...

, #..# , , , ,, * * #..# *.#.# *
* , # #..# .#.# * * * . #.
######..###.#.###. ,*
..##.####.....................#
*
..........................ggg.#
*#............................#,
...#.<..........))..........# ,
, #.##.......@hgh..o....gg.#,,
#...........lg...........# ,
#.#......................# , **
#.#...................<..# *,
#.##.....................# ,
#....................l?..... *,
####.....................#.. ,,
,....................... . ***
** #......... .......D....


You could see Grum (berserk, swift), a wyvern, 2 wolves, a gnoll (swift) and an
orc.

Vanquished Creatures
  A wizard (D:7)
  A steam dragon (D:8)
  An ice beast (D:6)
  A black bear (D:5)
  3 orc warriors
  3 ogres
  2 centaurs
  A phantom (D:7)
  A kobold brigand (D:6)
  2 necrophages (D:6)
  2 bullfrogs
  3 scorpions
  2 howler monkeys (D:7)
  An electric eel (D:7)
  2 jellies
  A gnoll bouda (D:8)
  2 hounds
  An orc priest (D:7)
  4 orc wizards
  5 adders
  3 gnolls (D:8)
  An ufetubus (D:6)
  A dart slug (D:4)
  29 orcs
  2 ball pythons
  2 bats (D:1)
  5 endoplasms
  A giant cockroach (D:4)
  5 goblins
  4 hobgoblins
  5 kobolds
  3 quokkas
  A frilled lizard (D:3)
  6 rats
107 creatures vanquished.

Vanquished Creatures (others)
  An orc (D:6)
  30 foxfires
31 creatures vanquished.

Grand Total: 138 creatures vanquished

Notes
Turn   | Place    | Note
-------+----------+-------------------------------------------
     0 | D:1      | Angani the Meteoran Cinder Acolyte began the quest for the
                  | Orb.
     0 | D:1      | Reached XP level 1. HP: 19/19 MP: 3/3
    84 | D:1      | Reached skill level 4 in Unarmed Combat
    94 | D:1      | Reached XP level 2. HP: 26/26 MP: 5/5
    98 | D:1      | Learned a level 2 spell: Scorch
   194 | D:1      | Reached XP level 3. HP: 31/31 MP: 3/6
   464 | D:2      | Found an ancient bone altar of Kikubaaqudgha.
   626 | D:3      | Found a burning altar of Makhleb.
   633 | D:3      | Found a broken altar of Ashenzari.
   665 | D:3      | Reached skill level 5 in Unarmed Combat
   799 | D:3      | Reached XP level 4. HP: 38/38 MP: 7/7
   853 | D:3      | Reached skill level 6 in Unarmed Combat
   866 | D:3      | Reached XP level 5. HP: 35/45 MP: 8/8
   956 | D:4      | Found a bloodstained altar of Trog.
   986 | D:4      | Identified the +8 chain mail of Nesow {Contam rPois rCorr
                  | Str-5}
  1103 | D:4      | Found Oquafykk's Jewellery Shop.
  1137 | D:4      | Found a sparkling altar of Nemelex Xobeh.
  1148 | D:5      | Entered Level 5 of the Dungeon
  1165 | D:4      | Noticed an ogre
  1185 | D:4      | Killed an ogre
  1186 | D:4      | Reached skill level 7 in Unarmed Combat
  1186 | D:4      | Reached XP level 6. HP: 34/51 MP: 9/9
  1241 | D:4      | Reached skill level 8 in Unarmed Combat
  1306 | D:4      | Reached XP level 7. HP: 52/57 MP: 10/10
  1344 | D:5      | Found a staircase to the Ecumenical Temple.
  1420 | D:5      | HP: 2/57 [ogre/+0 giant spiked club (22)]
  1423 | D:5      | Reached skill level 9 in Unarmed Combat
  1565 | D:5      | Reached skill level 10 in Unarmed Combat
  1565 | D:5      | Reached XP level 8. HP: 46/63 MP: 11/11
  1747 | D:5      | Reached skill level 11 in Unarmed Combat
  1969 | D:6      | Reached skill level 12 in Unarmed Combat
  2075 | D:6      | Gained mutation: You passively map the area around you.
                  | [Meteoran growth]
  2075 | D:6      | Reached XP level 9. HP: 67/70 MP: 12/12
  2240 | D:7      | Noticed a wizard
  2271 | D:7      | Killed a wizard
  2272 | D:7      | Reached skill level 14 in Unarmed Combat
  2452 | D:7      | Reached XP level 10. HP: 77/77 MP: 13/13
  2552 | D:7      | Reached skill level 15 in Unarmed Combat
  2685 | D:8      | Reached skill level 1 in Armour
  2685 | D:8      | Noticed Grum
  2699 | D:8      | Slain by a wyvern

Illustrated notes

Levels and vault maps discovered:
D:1:      dpeg_arrival_simpleton_c, layout_basic
D:2:      layout_loops_ring, basic_altar
D:3:      layout_loops_ring, mainiacjoe_overflow_large_starburst,
          serial_bayou_ford_a
D:4:      wad_river_or_something, layout_rooms,
          nemelex_xobeh_ov_fountains_minmay, mainiacjoe_overflow_alcove_4,
          serial_glass, glass_columns_a, glass_columns_b, serial_shops, shop,
          supply_closet_lemuel, minmay_misc_feat_x
D:5:      layout_loops_corners, minmay_temple_entry_junction,
          minmay_misc_feat_square, corner_web_ring, grunt_ministairs_12,
          amcnicky_mini_pool_small, nrook_campfire, roderic_roman_lattice
D:6:      layout_basic
D:7:      cheibrodos_wizards_tower, layout_loops_cross, moated_statue
D:8:      layout_basic, nicolae_overflow_crystal_walls, slow_altar_1,
          uniq_maggie, uniq_grum

Skill      XL: |  1  2  3  4  5  6  7  8  9 10 |
---------------+-------------------------------+-----
Unarmed Combat | 4 5 6 7 8 10 12 14 15 | 15.0
Armour         | 2 |  2.2
Fighting       | 4 |  4.0
Spellcasting   | |  1.3
Fire Magic     | |  3.6

Action                     |  1- 3 |  4- 6 |  7- 9 | 10-12 || total
---------------------------+-------+-------+-------+-------++-------
  Melee: Unarmed           |    45 |    73 |   143 |    23 ||   284
         Punch             |     1 |     5 |     5 |     5 ||    16
   Cast: Scorch            |     9 |       |       |       ||     9
 Invoke: Fiery Armour      |       |     1 |     1 |     1 ||     3
         Foxfire Swarm     |       |       |     1 |     1 ||     2
    Use: Scroll            |     1 |     4 |     6 |       ||    11
 Armour: Robe              |     5 |       |       |       ||     5
         Ring mail         |     5 |    18 |       |       ||    23
         Chain mail        |       |    28 |    73 |    31 ||   132
  Dodge: Dodged            |    11 |    19 |    28 |    19 ||    77
  Block: Other             |       |       |    32 |    15 ||    47

Table legend: (Time is in decaauts)
 A = Elapsed time spent in this place.
 B = Non-inter-level travel time spent in this place.
 C = Inter-level travel time spent in this place.
 D = Time resting spent in this place.
 E = Time spent auto-exploring this place.
 F = Levels seen in this place.
 G = Mean time per level.
                   A        B        C        D        E       F      G
               +--------+--------+--------+--------+--------+-----+--------+
         Total |   2646 |   2271 |    375 |      0 |      0 |   8 |  330.8 |
       Dungeon |   2646 |   2271 |    375 |      0 |      0 |   8 |  330.8 |
               +--------+--------+--------+--------+--------+-----+--------+

Top non-repeatable levels by time:
     D:7: 450 daAuts
     D:5: 441 daAuts
     D:6: 393 daAuts
     D:4: 384 daAuts
     D:3: 375 daAuts
     D:2: 330 daAuts
     D:1: 237 daAuts
     D:8: 33 daAuts
